 Dungeon Crawl Stone Soup version 0.24.0-7-gb3623d2c88 (webtiles) character file.

Game seed: 18238965847507979710, levelgen mode: deterministic

156 Lanoc the Chopper (level 5, -7/45 HPs)
             Began as a Draconian Gladiator on Nov 2, 2019.
             Was an Initiate of Qazlal.
             Mangled by an orc wizard
             ... wielding a +1 dagger of electrocution
              (10 damage)
             ... on level 4 of the Dungeon.
             The game lasted 00:02:39 (1196 turns).

Lanoc the Chopper (Draconian Gladiator)             Turns: 1196, Time: 00:02:41

Health: -7/45      AC:  5    Str: 17    XL:     5   Next: 15%
Magic:  5/5        EV: 13    Int: 13    God:    Qazlal [......]
Gold:   134        SH:  0    Dex: 13    Spells: 4/4 levels left

rFire    . . .     SeeInvis .   a - +0 war axe
rCold    . . .     Gourm    .   (no shield)
rNeg     . . .     Faith    .   (armour unavailable)
rPois    .         Spirit   .   b - +0 hat
rElec    .         Reflect  .   (no cloak)
rCorr    .         Harm     .   (no gloves)
MR       .....                  (no boots)
Stlth    +.........             (no amulet)
HPRegen  0.15/turn              (no ring)
MPRegen  0.09/turn              (no ring)

@: brilliant, flying
A: unfitting armour, cold-blooded, AC +5
a: Renounce Religion


You were on level 4 of the Dungeon.
You worshipped Qazlal.
Qazlal was noncommittal.
You were hungry.

You visited 2 branches of the dungeon, and saw 5 of its levels.

You collected 134 gold pieces.

Inventory:

Hand Weapons
 a - a +0 war axe (weapon)
Missiles
 c - 3 throwing nets (quivered)
Armour
 b - a +0 hat (worn)
Scrolls
 e - 4 scrolls of identify {unknown}
 g - 2 scrolls of remove curse {unknown}
 h - a scroll of noise {unknown}
 i - 2 scrolls of magic mapping {unknown}
 n - 2 scrolls of teleportation {unknown}
 o - a scroll of immolation {unknown}
Potions
 k - a potion of curing
 l - a potion of haste {unknown}
 m - a potion of might {unknown}
Comestibles
 d - 3 rations


   Skills:
 + Level 3.4 Fighting
 * Level 4.6 Axes
 - Level 1.7 Throwing
 + Level 3.5 Dodging
 * Level 0.0 Invocations


You had 4 spell levels left.
You didn't know any spells.
Your spell library was empty.

Dungeon Overview and Level Annotations

Branches:
Dungeon (4/15)             Temple (1/1) D:4

Altars:
Ashenzari
Dithmenos
Elyvilon
Fedhas
Makhleb
Nemelex Xobeh
Okawaru
Qazlal
Ru
Trog
Vehumet
Wu Jian
Xom

Annotations:
D:4 Menkaure


Innate Abilities, Weirdness & Mutations

Your plain brown scales are hard. (AC +5)
You cannot fit into any form of body armour.
You are cold-blooded and may be slowed by cold attacks.


Message History

It was a potion of curing.
You feel better.
Menkaure calls on the powers of darkness!
Your body is wracked with pain!
The orc convulses!
The orc wizard convulses!
The orc convulses! x2
The orc wizard gestures at you while chanting.
The puff of flame hits you!
* * * LOW HITPOINT WARNING * * *
The orc completely misses you.
It was a potion of flight.
You feel very buoyant.
You fly up into the air.
The orc wizard hits you but does no damage.
The orc barely misses you.
It was a potion of brilliance.
You feel clever all of a sudden. The orc completely misses you.
The orc wizard hits you with a +1 dagger of electrocution.
* * * LOW HITPOINT WARNING * * *
You are electrocuted!
You die...

#.†.#...# ## ##'####.# #
#.#.##.# #...##.##
##..##..######
##..####....... ##..##
#######. ...######..##
###.
.....Mo@....#########...
....Z.oo....#.........##
......o.......#########
.............##
..........####
..........# ..........#
..........# .....


You could see Menkaure, an orc wizard, 3 orcs and a howler monkey skeleton.

Vanquished Creatures
  An ogre (D:4)
  3 adders
  An ooze (D:2)
  An adder skeleton (D:4)
  2 orcs (D:4)
  A giant cockroach (D:1)
  5 goblins
  3 hobgoblins
  3 jackals (D:2)
  A quokka (D:4)
  7 bats
  5 frilled lizards
  A jackal skeleton (D:3)
  2 kobolds (D:2)
  A rat (D:1)
37 creatures vanquished.

Notes
Turn   | Place    | Note
-------+----------+-------------------------------------------
     0 | D:1      | Lanoc the Draconian Gladiator began the quest for the Orb.
     0 | D:1      | Reached XP level 1. HP: 17/17 MP: 1/1
   337 | D:1      | Reached XP level 2. HP: 22/25 MP: 2/2
   529 | D:2      | Reached XP level 3. HP: 25/30 MP: 3/3
   956 | D:3      | You fall into a shaft and drop 1 floor!
   956 | D:4      | Found a staircase to the Ecumenical Temple.
   958 | D:4      | Noticed an ogre
   961 | Temple   | Entered the Ecumenical Temple
  1027 | Temple   | Became a worshipper of Qazlal Stormbringer
  1047 | D:4      | Killed an ogre
  1047 | D:4      | Reached skill level 4 in Axes
  1047 | D:4      | Reached XP level 4. HP: 38/38 MP: 4/4
  1050 | D:4      | Reached XP level 5. HP: 45/45 MP: 5/5
  1189 | D:4      | Noticed Menkaure
  1196 | D:4      | Mangled by an orc wizard

Levels and vault maps discovered:
D:1:      nagdon_arrival_zigzag_paths, layout_basic
D:2:      layout_basic, lemuel_round_altar
D:3:      layout_loops_cross
D:4:      layout_rooms, temple_fountains, first_ration,
          minmay_goblin_kobold_house, uniq_blork_the_orc, uniq_menkaure
Temple:   nicolae_temple_god_jail

Skill      XL: |  1  2  3 |
---------------+----------+-----
Dodging        | 3 |  3.5
Fighting       | 3 |  3.4
Axes           | 4 |  4.6
Throwing       | |  1.7

Action                   |  1- 3 |  4- 6 || total
-------------------------+-------+-------++-------
Melee: War axe           |    56 |    30 ||    86
       Tailslap          |     8 |     3 ||    11
  Use: Potion            |       |     3 ||     3
 Stab: Sleeping          |     4 |       ||     4
Armor: Skin              |    18 |    11 ||    29
Dodge: Dodged            |    53 |    28 ||    81
